 Dungeon Crawl Stone Soup version 0.14-a0-1974-gdb6e453 (webtiles) character file.

187421 4tharraofdagon the Swashbuckler (level 17, -31/88 HPs)
             Began as a Spriggan Enchanter on Jan 17, 2014.
             Was the Champion of Zin.
             Killed from afar by a tengu reaver (42 damage)
             ... with a bolt of magma
             ... on Level 4 of the Vaults.
             The game lasted 02:40:37 (17706 turns).

4tharraofdagon the Swashbuckler (SpEn)             Turns: 17706, Time: 02:40:37

HP -31/88        AC 11     Str 11      XL: 17   Next: 12%
MP  33/37        EV 28     Int 17      God: Zin [******]
Gold 1789        SH 15     Dex 20      Spells: 10 memorised,  5 levels left

rFire  . . .     SeeInvis +     h - +5,+3 cutlass (elec)
rCold  . . .     Clarity  .     r - +2 troll leather armour
rNeg   . . .     Conserve .     Y - +0 buckler
rPois  .         rCorr    .     N - +2 hat
rElec  .         rRot     .     c - +2 cloak {+Inv}
SustAb . .       Spirit   .     (gloves unavailable)
rMut   .         Warding  .     (boots unavailable)
Saprov . . .     Stasis   .     f - amulet of rage
MR     ++...                    H - +2 ring of strength
                                s - +0,+6 ring of slaying

@: silence, very slightly contaminated, very quick, very resistant to hostile
enchantments, extraordinarily stealthy
A: unfitting armour, see invisible, agile 1, herbivore 3, speed 3, slow
metabolism 2
a: Evoke Berserk Rage, Evoke Invisibility
}: 2/15 runes: serpentine, barnacled


You were on level 4 of the Vaults.
You worshipped Zin.
Zin was exalted by your worship.
You were not hungry.

You visited 7 branches of the dungeon, and saw 43 of its levels.
You also visited: Ice Cave, Volcano and Wizlab.

You collected 2616 gold pieces.
You spent 615 gold pieces at shops.
You donated 212 gold pieces.

Inventory:

Hand weapons
 h - a +5,+3 cutlass of electrocution (weapon)
 D - a +0 blowgun
Missiles
 d - 12 darts (quivered)
 y - 6 needles of sleeping
 C - 7 curare-tipped needles
Armour
 c - a +2 cloak of darkness (worn)
 r - a +2 troll leather armour (worn)
 J - the +1 robe of Makhleb's Envy {rElec Dam+4}
   (You bought it in a shop on level 11 of the Dungeon)

   It affects your damage-dealing abilities (+4).
   It insulates you from electricity.
 N - a +2 hat (worn)
 Y - a +0 buckler (worn)
Magical devices
 b - a wand of digging (16)
 i - a wand of hasting (4)
 F - a wand of heal wounds (4)
 O - a wand of cold (10)
 S - a wand of teleportation (3)
Comestibles
 T - 3 bread rations
Scrolls
 k - a scroll of recharging
 l - 6 scrolls of blinking
 n - 3 scrolls of fog
 p - 7 scrolls of teleportation
 v - 6 scrolls of remove curse
 w - a scroll of magic mapping
 A - a scroll of fear
 L - 2 scrolls of amnesia
 R - 2 scrolls of identify
Jewellery
 a - an uncursed ring of protection from fire
 f - an amulet of rage (around neck)
 g - a +6 ring of protection
 o - an uncursed ring of protection from cold
 s - a +0,+6 ring of slaying (left hand)
 t - an uncursed ring of fire
 H - a +2 ring of strength (right hand)
 I - an uncursed ring of sustain abilities
 M - the ring of Vumol {+cTele Dex+4}
   (You found it on level 13 of the Dungeon)

   [ring of teleport control]

   It affects your dexterity (+4).
 W - an uncursed ring of ice
Potions
 e - a potion of porridge
 j - a potion of agility
 m - 3 potions of speed
 q - 3 potions of resistance
 x - 11 potions of curing
 B - 2 potions of berserk rage
 E - 3 potions of brilliance
 G - 4 potions of magic
 K - a potion of might
 X - 2 potions of restore abilities
Books
 z - a book of Enchantments

   Spells                             Type                      Level
   Cause Fear                         Hexes                        4
   *Silence                           Hexes/Air                    5
   Tukima's Dance                     Hexes                        5
   Deflect Missiles                   Charms/Air                   6
   Haste                              Charms                       6
   Discord                            Hexes                        8
Miscellaneous
 V - a phial of floods
Rods
 u - a +1 rod of fiery destruction (13/13)
   (You found it on level 5 of the Dungeon)


   Skills:
 + Level 9.5 Fighting
 * Level 17.0 Short Blades
 - Level 1.1 Throwing
 + Level 13.8 Dodging
 + Level 16.8 Stealth
 - Level 3.0 Shields
 - Level 10.1 Spellcasting
 - Level 12.6 Hexes
 + Level 10.7 Invocations
 - Level 14.0 Evocations


You had 5 spell levels left.
You knew the following spells:

 Your Spells              Type           Power        Failure   Level  Hunger
a - Corona                Hex            ######.      1%          1    None
b - Ensorcelled Hibernat  Hex/Ice        ####..       1%          2    None
c - Confuse               Hex            ######..     1%          3    None
d - Invisibility          Hex            ######..     12%         6    ######.
e - Conjure Flame         Conj/Fire      #.......     34%         3    None
f - Sticky Flame          Conj/Fire      #.......     91%         4    ###....
g - Flight                Chrm/Air       #.........   34%         3    None
h - Silence               Hex/Air        ####......   28%         5    ####...
i - Sure Blade            Hex/Chrm       ####......   1%          2    None
j - Repel Missiles        Chrm/Air       #.........   17%         2    None


Dungeon Overview and Level Annotations

Branches:
Dungeon (16/16)            Temple (1/1) D:7             Orc (4/4) D:11
   Lair (8/8) D:8          Shoals (5/5) Lair:3        Snake (5/5) Lair:5
  Slime (0/6) Lair:7       Vaults (4/5) D:14         Depths (0/6) D:16
    Elf: Orc:3-4      Blade: Vaults:3-4   Crypt: Vaults:2-3  Forest: Vaults:2-3

Altars:
Ashenzari
Cheibriados
Elyvilon
Kikubaaqudgha
Makhleb
Okawaru
Sif Muna
Trog
Vehumet
Xom
Zin

Shops:
D:11 *   Orc:2 *   Orc:3 %   Orc:4 [*(*

Annotations:
D:9 4tharraofdagon's ghost, experienced TrMo
D:13 Nergalle
D:15 epsilon's ghost, powerful DsMo
Orc:2 Grum
Shoals:4 Tolias' ghost, mighty OgWn
Snake:3 Saint Roka
Snake:4 Jorgrun
Snake:5 Frances


Innate Abilities, Weirdness & Mutations

You are tiny and cannot use many weapons and most armour.
You have supernaturally acute eyesight.
You are a herbivore.
You cover ground extremely quickly.
You need consume almost no food.
You are agile. (Dex +2)


Message History

Casting: Silence
Confirm with . or Enter, or press ? or * to list all spells.
Okay, then.
Casting: Silence
Confirm with . or Enter, or press ? or * to list all spells.
A profound silence engulfs you.
The tengu reaver hits you with a glowing great sword.
You are electrocuted!
* * * LOW HITPOINT WARNING * * *
You block the tengu reaver's attack. The tengu reaver claws you!
* * * LOW HITPOINT WARNING * * *
There is a large open door here.
Press: ? - help, v - describe, . - travel
Here: a tengu reaver, wielding a great sword of electrocution and wearing a ring mail (silenced)
The floor.
Unknown command.
You close the large door.
Something unseen opens the large door.
The tengu reaver casts a spell at you. The bolt of magma hits you!
You die...

####...####..####.#....[.....#
..[#.#....#..#....#..........#
..[#......#(.#....#..........#
...#......'.(.%...'..........#
.#.+#######.......H..........#
...#* #.......#.......<..#
...# #....#..#..........####
...# #....#..#..........#...
...# #.####@.#..........'..>
...# #....#..#...[......#...
''## #....#..#####'###+##...
..# #.......# #......'... .)#
######### #......'...
..#########* #......####
..'........* #......#
..'........ #...L..#
..#....... * #......#


You could see a tengu reaver.

Vanquished Creatures
  Boris (Vaults:4)
  Xtahua (Vaults:2)
  Nikola (Shoals:4)
  Agnes (Shoals:5)
  A tengu reaver (Vaults:4)
  A fire giant (Vaults:4)
  An orc warlord (Orc:2)
  2 vault wardens
  3 stone giants
  2 merfolk javelineers (Shoals:5)
  An ettin (Vaults:4)
  5 statues (WizLab)
  2 merfolk impalers (Shoals:1)
  2 sirens
  7 hydras
  4 merfolk aquamancers
  3 yaktaur captains
  9 dancing weapons (WizLab)
  Nessos (Snake:2)
  2 ogre magi
  4 anacondas
  5 death yaks (Lair:7)
  13 naga warriors
  5 centaur warriors
  2 ice devils (D:16)
  An iron troll (Vaults:3)
  7 sea snakes
  An unseen horror (D:16)
  2 ironbrand convokers (Vaults:3)
  3 red wasps
  Pikel (D:7)
  5 hill giants
  6 harpies
  A giant amoeba (D:13)
  9 orc knights
  A wizard (Vaults:2)
  2 wolf spiders (Lair:8)
  2 cyclopes
  4 griffons
  38 black mambas
  4 elephants (Lair:6)
  5 guardian serpents
  13 spiny frogs
  4 vault sentinels
  Psyche (D:8)
  2 yaktaurs
  8 trolls
  2 mermaids
  7 naga magi
  A hydra zombie (D:16)
  A blue devil (IceCv)
  A fire drake (Lair:8)
  3 komodo dragons
  A giant firefly (shapeshifter) (D:14)
  A wind drake (shapeshifter) (D:16)
  A polar bear (Lair:7)
  A fire dragon zombie (D:16)
  A grizzly bear (Lair:2)
  A blink frog (shapeshifter) (D:14)
  A basilisk (Lair:4)
  A boulder beetle (Vaults:4)
  6 snapping turtles
  2 wraiths
  7 two-headed ogres
  A deep elf mage (D:14)
  21 blink frogs
  25 ugly things
  A vampire (Vaults:2)
  33 yaks
  4 wyverns
  An elephant slug (Lair:4)
  2 sharks (Shoals:4)
  7 hippogriffs
  2 shadows (D:13)
  2 hungry ghosts
  A death yak simulacrum (IceCv)
  12 vampire mosquitoes
  2 fire bats (Volcano)
  2 clay golems (Volcano)
  24 wolves
  15 merfolk
  7 manticores
  Edmund (D:7)
  A freezing wraith (IceCv)
  A soldier ant (D:10)
  2 sky beasts
  33 orc warriors
  A kobold demonologist (D:14)
  41 nagas
  2 yellow wasps
  A slave (D:7)
  2 ice beasts
  15 ogres
  8 porcupines
  2 boring beetles
  13 centaurs
  Sigmund (D:7)
  A warg (D:11)
  14 giant frogs
  14 crocodiles
  2 big kobolds
  3 giant slugs
  A brain worm (Lair:6)
  A giant slug zombie (D:15)
  24 water moccasins
  7 agate snails
  A wyvern skeleton (D:14)
  A cyclops skeleton (D:15)
  An elephant simulacrum (IceCv)
  7 killer bees
  An eye of draining (D:15)
  A yak skeleton (D:8)
  A hippogriff skeleton (D:9)
  A quasit (D:9)
  A crimson imp (D:14)
  2 giant frog zombies
  5 hounds
  4 goliath beetles
  6 spiders (Lair:8)
  16 orc priests
  A centaur skeleton (D:9)
  A basilisk skeleton (D:16)
  2 iguanas
  8 orc wizards
  8 worker ants
  5 scorpions
  A boulder beetle simulacrum (D:16)
  2 sheep (Lair:2)
  A troll simulacrum (IceCv)
  2 mottled dragon zombies
  32 adders
  A worm zombie (D:8)
  3 giant mites
  4 giant centipedes
  42 green rats
  An ufetubus (IceCv)
  A worm (Lair:3)
  An adder skeleton (D:7)
  A grey rat (D:7)
  3 giant eyeballs
  5 giant geckos
  90 orcs
  3 ball pythons
  2 giant cockroaches
  11 goblins
  12 hobgoblins
  5 quokkas
  15 bats
  A giant newt (D:7)
  16 jackals
  9 kobolds
  12 rats
  A rat zombie (D:5)
  2 fungi (Lair:8)
  2 plants
944 creatures vanquished.

Vanquished Creatures (collateral kills)
  A hippogriff (Shoals:5)
  A merfolk (Shoals:5)
2 creatures vanquished.

Vanquished Creatures (others)
  A siren (Shoals:5)
  A merfolk aquamancer (Shoals:2)
  A centaur warrior (Orc:4)
  2 water elementals (Shoals:5)
  2 yaks (Lair:7)
  3 orc warriors (Orc:4)
  2 white imps (IceCv)
  An ufetubus (IceCv)
  3 orcs (Orc:4)
  A bat (Shoals:2)
  2 giant spores
  4 fungi
  A plant (Lair:8)
24 creatures vanquished.

Grand Total: 970 creatures vanquished

Notes
Turn   | Place    | Note
--------------------------------------------------------------
     0 | D:1      | 4tharraofdagon, the Spriggan Enchanter, began the quest for the Orb.
     0 | D:1      | Reached XP level 1. HP: 9/9 MP: 4/4
   100 | D:3      | Reached XP level 2. HP: 7/13 MP: 7/7
   154 | D:3      | Reached skill level 1 in Evocations
   158 | D:3      | Reached XP level 3. HP: 16/16 MP: 8/10
   267 | D:2      | Learned a level 2 spell: Ensorcelled Hibernation
   271 | D:2      | Learned a level 3 spell: Confuse
   354 | D:3      | Reached skill level 4 in Hexes
   465 | D:5      | Entered Level 5 of the Dungeon
   485 | D:5      | Found a snail-covered altar of Cheibriados.
   558 | D:5      | Reached XP level 4. HP: 19/21 MP: 10/13
   619 | D:5      | Identified a +1 rod of fiery destruction (13/13) (You found it on level 5 of the Dungeon)
   631 | D:5      | Found a shattered altar of Ashenzari.
   771 | D:6      | Noticed an ogre
   783 | D:6      | Killed an ogre
   783 | D:6      | Reached XP level 5. HP: 24/24 MP: 8/17
   866 | D:7      | Noticed Edmund
   887 | D:7      | Killed Edmund
   887 | D:7      | Reached XP level 6. HP: 16/28 MP: 15/20
   943 | D:7      | Noticed Sigmund
   981 | D:7      | Noticed an orc warrior
  1012 | D:7      | Found a white marble altar of Elyvilon.
  1163 | D:7      | Noticed a slave
  1164 | D:7      | Noticed Pikel
  1175 | D:7      | Killed a slave
  1179 | D:7      | Noticed a slave
  1194 | D:7      | Noticed a slave
  1194 | D:7      | Noticed a slave
  1209 | D:7      | Killed Pikel
  1209 | D:7      | Reached skill level 1 in Fighting
  1209 | D:7      | Reached skill level 5 in Short Blades
  1209 | D:7      | Reached skill level 5 in Stealth
  1209 | D:7      | Reached skill level 5 in Spellcasting
  1209 | D:7      | Reached skill level 5 in Hexes
  1209 | D:7      | Reached XP level 7. HP: 33/33 MP: 14/22
  1268 | D:7      | Found a staircase to the Ecumenical Temple.
  1277 | Temple   | Entered the Ecumenical Temple
  1309 | Temple   | Became a worshipper of Zin the Law-Giver
  1309 | Temple   | Acquired Zin's first power
  1361 | D:7      | Killed Sigmund
  1361 | D:7      | Reached skill level 6 in Stealth
  1406 | D:7      | Reached XP level 8. HP: 34/39 MP: 24/24
  1461 | D:10     | Entered Level 10 of the Dungeon
  1537 | D:9      | Noticed 4tharraofdagon's ghost (experienced TrMo)
  1636 | D:9      | Reached skill level 1 in Invocations
  1646 | D:9      | Reached skill level 5 in Evocations
  1708 | D:9      | Noticed a two-headed ogre
  1718 | D:9      | Killed a two-headed ogre
  1764 | D:9      | Reached skill level 7 in Stealth
  1882 | D:10     | Noticed a troll
  1884 | D:10     | Noticed a two-headed ogre
  1886 | D:10     | Killed a troll
  1886 | D:10     | Reached XP level 9. HP: 43/43 MP: 16/26
  1937 | D:10     | Killed a two-headed ogre
  1993 | D:10     | Paralysed by a giant eyeball for 2 turns
  2041 | D:11     | Gained mutation: You are agile. (Dex +2) [potion of beneficial mutation]
  2137 | D:11     | Reached skill level 8 in Stealth
  2413 | D:12     | Reached XP level 10. HP: 38/49 MP: 6/28
  2597 | D:11     | Found Nitobits' Assorted Antiques.
  2605 | D:11     | Bought an ancient robe for 182 gold pieces
  2611 | D:11     | Identified the +1 robe of Makhleb's Envy {rElec Dam+4} (You bought it in a shop on level 11 of the Dungeon)
  2665 | D:12     | Reached skill level 9 in Stealth
  2794 | D:13     | Noticed an orc knight
  2801 | D:13     | Killed an orc knight
  2801 | D:13     | Reached skill level 5 in Dodging
  2826 | D:13     | Noticed a griffon
  2835 | D:13     | Killed a griffon
  2839 | D:13     | Acquired Zin's second power
  2922 | D:13     | Noticed a centaur warrior
  2930 | D:13     | Killed a centaur warrior
  2931 | D:13     | Noticed a giant amoeba
  2938 | D:13     | Killed a giant amoeba
  2953 | D:13     | Got a transparent amber ring
  2958 | D:13     | Noticed a five-headed hydra
  2976 | D:13     | Killed a five-headed hydra
  2976 | D:13     | Reached XP level 11. HP: 50/54 MP: 15/30
  2996 | D:13     | Reached skill level 10 in Stealth
  3011 | D:13     | Identified the ring of Vumol {+cTele Dex+4} (You found it on level 13 of the Dungeon)
  3018 | D:13     | Noticed a griffon
  3026 | D:13     | Killed a griffon
  3186 | D:13     | Learned a level 6 spell: Invisibility
  3198 | D:13     | Reached skill level 10 in Short Blades
  3265 | D:13     | Noticed Nergalle
  3267 | D:13     | Noticed a cyclops
  3311 | D:12     | Noticed a seven-headed hydra
  3321 | D:12     | Killed a seven-headed hydra
  3321 | D:12     | Reached skill level 5 in Invocations
  3335 | D:12     | Upgraded the game from 0.14-a0-1969-g2c76abe to 0.14-a0-1974-gdb6e453
  3387 | D:11     | Bought a smoky white potion for 28 gold pieces
  3387 | D:11     | Bought a bubbling pink potion for 28 gold pieces
  3387 | D:11     | Bought a scroll labeled VUL YJAD WOTT for 32 gold pieces
  3387 | D:11     | Bought a scroll labeled OFUOJINNINT for 32 gold pieces
  3387 | D:11     | Bought a runed robe for 22 gold pieces
  3636 | D:10     | Acquired Zin's third power
  3932 | D:8      | Found a staircase to the Lair.
  3942 | Lair:1   | Entered Level 1 of the Lair of Beasts
  4000 | Lair:1   | Identified a scroll of acquirement
  4195 | Lair:2   | Reached skill level 5 in Fighting
  4533 | Lair:4   | Reached skill level 11 in Stealth
  4686 | Lair:5   | Reached XP level 12. HP: 33/60 MP: 28/32
  4713 | Lair:5   | Found a staircase to the Snake Pit.
  4772 | Lair:5   | Reached skill level 10 in Evocations
  4803 | Lair:5   | Reached skill level 10 in Hexes
  5400 | Lair:8   | Entered Level 8 of the Lair of Beasts
  5615 | Lair:8   | Noticed a four-headed hydra
  5640 | Lair:8   | Killed a five-headed hydra
  5642 | Lair:8   | Reached skill level 12 in Stealth
  5812 | Lair:8   | Reached XP level 13. HP: 56/65 MP: 13/33
  6210 | Lair:8   | Learned a level 3 spell: Conjure Flame
  6215 | Lair:8   | Learned a level 4 spell: Sticky Flame
  6917 | Lair:7   | Acquired Zin's fourth power
  6961 | Lair:7   | Noticed a seven-headed hydra
  6967 | Lair:7   | Killed an eight-headed hydra
  7013 | Lair:7   | Found a staircase to the Slime Pits.
  7015 | Lair:7   | Reached skill level 10 in Spellcasting
  7137 | Lair:5   | Noticed a four-headed hydra
  7146 | Lair:5   | Killed a five-headed hydra
  7194 | Lair:5   | Learned a level 3 spell: Flight
  7200 | Lair:5   | Learned a level 5 spell: Silence
  7461 | Lair:4   | Learned a level 2 spell: Sure Blade
  7476 | Lair:3   | Found a bloodstained altar of Trog.
  7511 | Lair:3   | Noticed a seven-headed hydra
  7537 | Lair:3   | Killed an eight-headed hydra
  7686 | Lair:2   | Reached XP level 14. HP: 41/70 MP: 13/35
  7728 | Lair:1   | Found a dark tunnel.
  7745 | Volcano  | Entered a volcano
  7784 | Volcano  | Reached skill level 13 in Stealth
  7907 | Volcano  | Found a bloodstained altar of Trog.
  7911 | Volcano  | Reached skill level 10 in Dodging
  8187 | D:8      | Noticed Psyche
  8201 | D:8      | Killed Psyche
  8330 | D:11     | Found a staircase to the Orcish Mines.
  8335 | Orc:1    | Entered Level 1 of the Orcish Mines
  8610 | Orc:2    | Noticed Grum
  8615 | Orc:3    | Found Pnunge's Food Emporium.
  8618 | Orc:4    | Entered Level 4 of the Orcish Mines
  8621 | Orc:4    | nice
  8755 | Orc:4    | Found Fenian's General Store.
  8755 | Orc:4    | Found Acuyhujo's Weapon Shop.
  8760 | Orc:4    | Found Plagof's Antique Armour Shoppe.
  8762 | Orc:4    | Found Itamug's Assorted Antiques.
  8797 | Orc:4    | Bought a runed cloak for 23 gold pieces
  8822 | Orc:4    | Bought a scroll of identify for 46 gold pieces
  8877 | Orc:4    | Bought a potion of heal wounds for 48 gold pieces
  8877 | Orc:4    | Bought a scroll of teleportation for 48 gold pieces
  8881 | Orc:4    | Bought a scroll of enchant weapon I for 126 gold pieces
  9075 | Orc:2    | Noticed an orc warlord
  9078 | Orc:2    | Found Qeja's General Store.
  9154 | Orc:2    | Killed an orc warlord
  9619 | D:14     | Found a gate to the Vaults.
  9859 | D:15     | Entered Level 15 of the Dungeon
  9921 | D:15     | Noticed epsilon's ghost (powerful DsMo)
  9927 | D:16     | Entered Level 16 of the Dungeon
 10204 | D:16     | Found a frozen archway.
 10225 | D:16     | Reached skill level 14 in Stealth
 10228 | IceCv    | Entered an ice cave
 10614 | D:16     | Found a staircase to the Depths.
 10614 | D:16     | Noticed a fire giant
 11022 | D:13     | Noticed a centaur warrior
 11029 | D:13     | Killed a centaur warrior
 11279 | Lair:3   | Found a staircase to the Shoals.
 11297 | Shoals:1 | Entered Level 1 of the Shoals
 11358 | Shoals:2 | Reached XP level 15. HP: 52/77 MP: 24/36
 11542 | Shoals:4 | Noticed Tolias' ghost (mighty OgWn)
 11561 | Shoals:4 | Noticed Nikola
 11755 | Shoals:5 | Entered Level 5 of the Shoals
 11785 | Shoals:5 | Noticed Agnes
 11805 | Shoals:5 | Killed Agnes
 12111 | Shoals:5 | Got a barnacled rune of Zot
 12332 | Shoals:4 | Killed Nikola
 12506 | Shoals:2 | Reached skill level 15 in Short Blades
 12577 | Shoals:2 | Zin protects you from harm!
 12998 | Lair:5   | Reached skill level 15 in Stealth
 13102 | Snake:1  | Entered Level 1 of the Snake Pit
 13220 | Snake:2  | Noticed Nessos
 13227 | Snake:2  | Killed Nessos
 13498 | Snake:3  | Reached skill level 1 in Shields
 13859 | Snake:3  | Noticed Saint Roka
 14061 | Snake:4  | Noticed Jorgrun
 14074 | Snake:5  | Entered Level 5 of the Snake Pit
 14177 | Snake:5  | Reached XP level 16. HP: 68/82 MP: 29/36
 14385 | Snake:5  | Found a bloodstained altar of Trog.
 15213 | Snake:5  | Noticed Frances
 15386 | Snake:5  | Got a serpentine rune of Zot
 15512 | Snake:4  | Found a white marble altar of Elyvilon.
 15782 | Lair:3   | Learned a level 2 spell: Repel Missiles
 16062 | Vaults:1 | Entered Level 1 of the Vaults
 16181 | Vaults:1 | Reached skill level 10 in Invocations
 16184 | Vaults:1 | Reached skill level 16 in Short Blades
 16270 | Vaults:2 | Noticed Xtahua
 16277 | Vaults:2 | Killed Xtahua
 16548 | Vaults:4 | Found a magical portal.
 16551 | WizLab   | Entered a wizard's laboratory
 17354 | Vaults:4 | Reached XP level 17. HP: 56/88 MP: 18/37
 17490 | Vaults:4 | Noticed Boris
 17631 | Vaults:4 | Killed Boris
 17631 | Vaults:4 | Reached skill level 17 in Short Blades
 17706 | Vaults:4 | Killed from afar by a tengu reaver

Action                   |  1- 3 |  4- 6 |  7- 9 | 10-12 | 13-15 | 16-18 || total
-------------------------+-------+-------+-------+-------+-------+-------++-------
Melee: Dagger            |    76 |    52 |   113 |   139 |       |       ||   380
       Cutlass           |       |       |       |   324 |  1309 |   521 ||  2154
 Cast: Corona            |     4 |       |       |     1 |       |       ||     5
       Ensorcelled Hiber |     8 |    11 |    42 |   170 |   264 |    41 ||   536
       Confuse           |       |     1 |    14 |    18 |    60 |    48 ||   141
       Invisibility      |       |       |       |     1 |     9 |     1 ||    11
       Flight            |       |       |       |       |     5 |       ||     5
       Conjure Flame     |       |       |       |       |     1 |       ||     1
       Repel Missiles    |       |       |       |       |       |     3 ||     3
       Sure Blade        |       |       |       |       |       |     3 ||     3
       Silence           |       |       |       |       |       |     2 ||     2
Invok: Vitalisation      |       |       |       |       |    10 |    16 ||    26
       Imprison          |       |       |       |       |       |     1 ||     1
 Abil: Evoke Berserk Rag |     2 |     1 |     1 |       |       |     4 ||     8
       Evoke Invisibilit |       |       |       |       |     2 |     1 ||     3
       Turn Visible      |       |       |       |       |     2 |     1 ||     3
       Evoke Teleport Co |       |       |       |       |       |     2 ||     2
Evoke: Wand              |       |     1 |     6 |     7 |    22 |     4 ||    40
       phial of floods   |       |       |       |       |     1 |       ||     1
  Use: Potion            |     1 |       |     2 |     5 |    11 |     4 ||    23
       Scroll            |       |       |     4 |    22 |    36 |     5 ||    67
 Stab: Sleeping          |     8 |    14 |    31 |   117 |   239 |    48 ||   457
       Confused          |       |       |     4 |    10 |    23 |    14 ||    51
       Distracted        |       |       |     1 |     2 |     2 |     5 ||    10
       Invisible         |       |       |       |     1 |    35 |     2 ||    38
